 Dungeon Crawl Stone Soup version 0.31-a0-133-gaae73658be (webtiles) character file.

Game seed: 10911604653764172597

2394 avis the Covert (level 9, -7/64 HPs)
             Began as an Octopode Transmuter on June 2, 2023.
             Mangled by a wyvern (18 damage)
             ... on level 7 of the Dungeon.
             The game lasted 01:07:28 (6937 turns).

avis the Covert (Octopode Transmuter)               Turns: 6937, Time: 01:07:29

Health: -7/64      AC:  1    Str: 19    XL:     9   Next: 46%
Magic:  13/13      EV: 13    Int: 15    God:
Gold:   357        SH:  6    Dex: 19    Spells: 3/14 levels left

rFire   . . .        a - +0 hammer "Nunosh" {freeze, +Blink Str+4 Dex+2}
rCold   . . .        z - +1 buckler
rNeg    . . .        (helmet restricted)
rPois   .            h - amulet of magic regeneration
rElec   .            j - +6 ring of strength
rCorr   .            (no ring)
SInv    .            (no ring)
Will    .....        (no ring)
Stlth   +++++        (no ring)
HPRegen 0.30/turn    (no ring)
MPRegen 0.53/turn    (no ring)
                     (no ring)

%: no passive effects
@: no status effects
A: almost no armour, amphibious, 8 rings, camouflage 1, gelatinous body 1,
(nimble swimmer 1), tentacles
a: Evoke Blink


You were on level 7 of the Dungeon.
You visited 1 branch of the dungeon, and saw 7 of its levels.

You collected 357 gold pieces.

Inventory:

Hand Weapons
 a - the +0 hammer "Nunosh" (weapon) {freeze, +Blink Str+4 Dex+2}
   (You found it on level 5 of the Dungeon)

   Str:       It affects your strength (+4).
   Dex:       It affects your dexterity (+2).
   +Blink:    It lets you blink.
 f - a +0 sling
 n - a +0 dagger
 s - a +0 sling
 u - a +3 heavy flail
 w - a +5 spectral short sword
 A - a +0 whip of flaming
 B - a +4 quarterstaff of chaos
 G - a +1 short sword of protection
 I - a +0 longbow
Missiles
 q - 6 boomerangs
Armour
 z - a +1 buckler (worn)
Jewellery
 h - an amulet of magic regeneration (around mantle)
 j - a +6 ring of strength (left tentacle)
Wands
 y - a wand of iceblast (3)
 C - a wand of paralysis (11)
 E - a wand of flame (17)
Scrolls
 b - a scroll of enchant weapon
 d - 2 scrolls of amnesia
 l - 2 scrolls of vulnerability
 m - a scroll of identify
 p - a scroll of magic mapping
 x - a scroll of blinking {unknown}
 D - a scroll of fear {unknown}
Potions
 c - a potion of heal wounds
 g - 2 potions of magic {unknown}
 k - 3 potions of might
 o - 3 potions of curing
 t - a potion of degeneration {unknown}
 v - 2 potions of enlightenment {unknown}
 F - a potion of mutation {unknown}
 H - a potion of ambrosia {unknown}


   Skills:
 - Level 7.0 Fighting
 - Level 2.0 Dodging
 + Level 8.1 Stealth
 - Level 2.0 Shields
 - Level 3.0 Unarmed Combat
 * Level 3.1 Spellcasting
 - Level 2.0 Hexes
 - Level 6.0 Transmutations
 - Level 4.0 Ice Magic
 - Level 2.0 Poison Magic


You had 3 spell levels left.
You knew the following spells:

 Your Spells              Type           Power      Damage    Failure   Level
a - Beastly Appendage     Tmut           40%        N/A       2%          1
c - Slow                  Hex            32%        N/A       11%         1
e - Wereblood             Tmut           20%        N/A       3%          2
p - Spider Form           Tmut/Pois      14%        N/A       14%         3
q - Ice Form              Ice/Tmut       17%        N/A       32%         4

Your spell library contained the following spells:

 Spells                   Type           Power      Damage    Failure   Level
 Ignite Poison            Fire/Tmut/Pois 10%        N/A       26%         3
 Confusing Touch          Hex            8%         N/A       32%         3
 Portal Projectile        Hex/Tloc       10%        N/A       45%         3
 Call Canine Familiar     Summ           2%         N/A       58%         3
 Vampiric Draining        Necr           2%         2d6       58%         3
 Leda's Liquefaction      Hex/Erth       2%         N/A       86%         4
 Sticky Flame             Conj/Fire      2%         2d3       94%         4
 Ignition                 Fire           1%         3d3       100%        8


Dungeon Overview and Level Annotations

Branches:
Dungeon (7/15)             Temple (0/1) D:7

Altars:
Ashenzari
Dithmenos
Kikubaaqudgha
Qazlal
The Shining One

Shops:
D:3 [

Annotations:
D:7 Maggie


Innate Abilities, Weirdness & Mutations

You cannot wear most types of armour.
You are amphibious.
You can wear up to eight rings at the same time.
Your skin changes colour to match your surroundings (Stealth+).
Your rubbery body absorbs attacks. (AC +1, EV +1)
((You are camouflaged when in or above water. (Stealth+)))
You have tentacles for arms and can constrict up to eight enemies at once.


Message History

The orc wizard casts a spell.
The orc wizard flickers and vanishes!
Deactivating autopickup; reactivate with Ctrl-A.
You hear a shout! x2
You blink. 2 kobolds come into view.
A kobold is wielding a +0 dagger and quivering poisoned darts.
The wyvern bites you! You block the kobold's attack. The wyvern misses you.
The wyvern attacks as you move away! The wyvern misses you.
The kobold throws a poisoned dart.
The poisoned dart hits you!
You are poisoned.
You block the kobold's attack.
The kobold brigand attacks as you move away!
The kobold brigand misses you. The kobold attacks as you move away!
The kobold misses you. The wyvern attacks as you move away!
You block the wyvern's attack.
You feel very sick. You block the kobold's attack.
The wyvern barely misses you.
You feel sick. You block the kobold's attack.
You block the kobold brigand's attack.
You feel sick. The kobold hits you but does no damage. The wyvern bites you.
The kobold attacks as you move away! The kobold closely misses you.
You feel sick. The kobold misses you.
You feel stable enough to blink again.
You feel sick.
The orc priest invokes the aid of Beogh against you.
Beogh smites you! The kobold barely misses you. The wyvern closely misses you.
You feel sick.
You feel sick. The wyvern barely misses you.
You feel sick. The wyvern attacks as you move away! The wyvern bites you!
* * * LOW HITPOINT WARNING * * *
You feel sick.
You are no longer poisoned.
The wyvern closely misses you. The wyvern attacks as you move away!
The wyvern bites you.
* * * LOW HITPOINT WARNING * * *
The wyvern attacks as you move away! The wyvern completely misses you.
The wyvern bites you!!
You die...

*,,.........# #.#
*,,........o# #.#
*,,.......Ko# #.#
*,,......K.K# #.#
***######.#K# #.#
*********#.#.# #.#
*,,,,,,,,..#.#########.#
*,***#######K#<........#
*,* #....@l.###########
*,* #.####### *,****,*
*,,,,,,* ********


You could see a wyvern (inner flame) and a kobold.

Vanquished Creatures
  Pikel (D:4)
  Edmund (D:4)
  Duvessa (D:4)
  A water moccasin (D:6)
  3 sky beasts
  2 black bears (D:5)
  2 ogres
  2 phantoms (D:6)
  2 scorpions
  Dowan (D:4)
  A howler monkey (D:6)
  2 hounds
  3 orc priests (D:6)
  Crazy Yiuf (D:5)
  A gnoll bouda (D:6)
  5 iguanas
  2 orc wizards (D:6)
  A sleepcap (D:5)
  Robin (D:2)
  4 gnolls (D:6)
  6 adders
  A shadow imp (D:5)
  3 white imps
  An ufetubus (D:6)
  2 worms (D:3)
  A dart slug (D:3)
  6 orcs
  12 endoplasms
  3 giant cockroaches
  15 goblins
  7 hobgoblins
  4 jackals (D:4)
  7 quokkas
  5 ball pythons
  4 bats
  2 frilled lizards
  4 kobolds
  6 rats (D:1)
126 creatures vanquished.

Notes
Turn   | Place    | Note
-------+----------+-------------------------------------------
     0 | D:1      | avis the Octopode Transmuter began the quest for the Orb.
     0 | D:1      | Reached XP level 1. HP: 13/13 MP: 3/3
   145 | D:1      | Reached skill level 1 in Stealth
   162 | D:1      | Reached XP level 2. HP: 15/19 MP: 3/5
   979 | D:2      | Learned a level 2 spell: Wereblood
  1001 | D:2      | Reached XP level 3. HP: 23/24 MP: 6/6
  1005 | D:2      | Learned a level 3 spell: Spider Form
  1068 | D:2      | Noticed Robin
  1074 | D:2      | Killed Robin
  1075 | D:2      | Reached skill level 2 in Stealth
  1114 | D:2      | Reached skill level 1 in Poison Magic
  1283 | D:2      | Reached XP level 4. HP: 27/29 MP: 7/7
  1730 | D:3      | Found a stormy altar of Qazlal.
  1730 | D:3      | Noticed a sky beast
  2020 | D:3      | Found a glowing golden altar of the Shining One.
  2030 | D:3      | Found a broken altar of Ashenzari.
  2044 | D:3      | Found an ancient bone altar of Kikubaaqudgha.
  2054 | D:3      | Found a shadowy altar of Dithmenos.
  2075 | D:3      | Found Keylayc's Antique Armour Shoppe.
  2229 | D:3      | Killed a sky beast
  2230 | D:3      | Reached skill level 3 in Stealth
  2230 | D:3      | Reached XP level 5. HP: 33/36 MP: 8/8
  2310 | D:3      | Learned a level 1 spell: Slow
  2577 | D:4      | Noticed Dowan
  2721 | D:4      | Reached XP level 6. HP: 42/42 MP: 7/9
  2776 | D:4      | Noticed Edmund
  2815 | D:4      | Killed Edmund
  2816 | D:4      | Reached skill level 4 in Stealth
  2816 | D:4      | Reached skill level 1 in Hexes
  2881 | D:4      | Noticed Duvessa
  2971 | D:4      | Killed Duvessa
  2972 | D:4      | Reached skill level 5 in Stealth
  2972 | D:4      | Reached XP level 7. HP: 44/48 MP: 10/10
  2987 | D:4      | Killed Dowan
  3110 | D:4      | Learned a level 4 spell: Ice Form
  3206 | D:4      | Noticed Pikel
  3217 | D:4      | Killed Pikel
  3218 | D:4      | Reached skill level 5 in Fighting
  3218 | D:4      | Reached skill level 6 in Stealth
  3218 | D:4      | Reached skill level 1 in Ice Magic
  3218 | D:4      | Reached XP level 8. HP: 23/55 MP: 12/12
  3522 | D:4      | Reached skill level 5 in Transmutations
  3530 | D:5      | Entered Level 5 of the Dungeon
  4046 | D:5      | Found a runed translucent door.
  4049 | D:5      | Identified the +0 hammer "Nunosh" {freeze, +Blink Str+4
                  | Dex+2}
  4056 | D:5      | Noticed Crazy Yiuf
  4069 | D:5      | Killed Crazy Yiuf
  4070 | D:5      | Reached skill level 1 in Shields
  4223 | D:5      | Reached skill level 7 in Stealth
  5078 | D:6      | Reached XP level 9. HP: 54/62 MP: 13/13
  6245 | D:6      | Reached skill level 8 in Stealth
  6788 | D:7      | Noticed Maggie
  6937 | D:7      | Mangled by a wyvern

Illustrated notes

Levels and vault maps discovered:
D:1:      lemuel_arrival_funnel, layout_basic
D:2:      layout_basic, feat_on_display, uniq_robin
D:3:      layout_rooms, grunt_temple_overflow_cloverleaf,
          nicolae_qazlal_beasts_of_the_sky, serial_shops, shop
D:4:      nicolae_cairo_tiling_large, layout_cave_pools, roderic_lattice_a,
          uniq_pikel, uniq_edmund, uniq_duvessa
D:5:      layout_loops_ring, uniq_crazy_yiuf_cottage
D:6:      hellmonk_ruined_rings, layout_loops_ring, minivault_24
D:7:      layout_basic, mainiacjoe_overflow_24_doors, minmay_temple_entry_trees,
          gammafunk_ghost_split, uniq_maggie, uniq_joseph, uniq_menkaure

Skill      XL: |  1  2  3  4  5  6  7  8  9 |
---------------+----------------------------+-----
Stealth        | 1 2 3 5 6 7 8 |  8.1
Fighting       | 2 3 4 5 6 7 |  7.0
Poison Magic   | 1 2 |  2.0
Transmutations | 3 4 5 6 |  6.0
Hexes          | 1 2 |  2.0
Spellcasting   | 3 |  3.1
Ice Magic      | 1 2 4 |  4.0
Shields        | 2 |  2.0
Dodging        | |  2.0
Unarmed Combat | |  3.0

Action                     |  1- 3 |  4- 6 |  7- 9 || total
---------------------------+-------+-------+-------++-------
  Melee: Unarmed           |    34 |    57 |   176 ||   267
         Constrict         |    21 |    12 |     8 ||    41
         Kick              |    15 |    10 |     4 ||    29
         Tentacles         |     6 |     1 |     6 ||    13
         Dagger            |    36 |     9 |       ||    45
         Short sword       |       |    32 |     7 ||    39
         Punch             |       |     1 |       ||     1
         Mace              |       |       |    20 ||    20
   Cast: Beastly Appendage |    25 |    22 |    12 ||    59
         Spider Form       |     1 |    14 |    32 ||    47
         Slow              |       |       |     3 ||     3
Ability: Evoke Blink       |       |       |     3 ||     3
    Use: Potion            |       |     3 |     3 ||     6
         Scroll            |       |       |     8 ||     8
   Stab: Sleeping          |     8 |     9 |    10 ||    27
         Distracted        |       |       |     1 ||     1
 Armour: Skin              |     4 |    13 |     7 ||    24
  Dodge: Dodged            |    32 |    42 |   172 ||   246
  Block: Buckler           |       |       |    15 ||    15

Table legend: (Time is in decaauts)
 A = Elapsed time spent in this place.
 B = Non-inter-level travel time spent in this place.
 C = Inter-level travel time spent in this place.
 D = Time resting spent in this place.
 E = Time spent auto-exploring this place.
 F = Levels seen in this place.
 G = Mean time per level.
                   A        B        C        D        E       F      G
               +--------+--------+--------+--------+--------+-----+--------+
         Total |   6928 |   6313 |    615 |   1787 |   2394 |   7 |  989.7 |
       Dungeon |   6928 |   6313 |    615 |   1787 |   2394 |   7 |  989.7 |
               +--------+--------+--------+--------+--------+-----+--------+

Top non-repeatable levels by time:
     D:5: 1710 daAuts
     D:6: 1532 daAuts
     D:4: 1164 daAuts
     D:1: 951 daAuts
     D:3: 783 daAuts
     D:2: 687 daAuts
     D:7: 99 daAuts
